 Dungeon Crawl Stone Soup version 0.21.1-1-g345015fe64 (webtiles) character file.

10590 Oravi the Transmogrifier (level 11, -9/86 HPs)
             Began as a Merfolk Transmuter on May 4, 2018.
             Was an Elder of Okawaru.
             Mangled by a red ugly thing (18 damage)
             ... on level 12 of the Dungeon.
             The game lasted 00:40:15 (12427 turns).

Oravi the Transmogrifier (Merfolk Transmuter)      Turns: 12427, Time: 00:40:15

Health: -9/86      AC: 10    Str: 12    XL:     11   Next: 64%
Magic:  15/21      EV: 23    Int: 15    God:    Okawaru [****..]
Gold:   473        SH:  0    Dex: 20    Spells: 4/24 levels left

rFire    . . .     SeeInvis .     - Unarmed
rCold    + . .     Gourm    .   (shield currently unavailable)
rNeg     . . .     Faith    .   Q - +2 robe {rC+}
rPois    +         Spirit   .   V - +1 hat
rElec    .         Reflect  .   W - +2 cloak
rCorr    .         Harm     .   (gloves currently unavailable)
MR       .....                  p - +0 pair of boots
Stlth    +.........             F - amulet of rage
HPRegen  0.24/turn              n - +3 ring of evasion
MPRegen  0.17/turn              L - ring "Zupse" {+Fly Dex+6 Stlth-}

@: blade hands
A: change form in water, swift swim, stealthy swim, yellow scales 1, deformed
body, sense surroundings 1, poison resistance
a: End Transformation, Heroism, Renounce Religion, Evoke Berserk Rage, Evoke
Flight


You were on level 12 of the Dungeon.
You worshipped Okawaru.
Okawaru was greatly pleased with you.
You were hungry.
You had blades for hands.
You visited 2 branches of the dungeon, and saw 13 of its levels.

You collected 535 gold pieces.
You spent 62 gold pieces at shops.

Inventory:

Missiles
 a - 218 arrows
Armour
 f - a +0 helmet
 p - a +0 pair of boots (worn)
 I - a +1 leather armour of magic resistance
 Q - a +2 robe of cold resistance (worn)
 V - a +1 hat (worn)
 W - a +2 cloak (worn)
Jewellery
 e - an uncursed ring of protection from fire
 n - a +3 ring of evasion (left scythe-like blade)
 o - an uncursed ring of ice
 D - an uncursed ring of poison resistance
 F - an amulet of rage (around neck)
 L - the ring "Zupse" (right scythe-like blade) {+Fly Dex+6 Stlth-}
   (You found it on level 9 of the Dungeon)

   [ring of loudness]

   It affects your dexterity (+6).
   It lets you fly.
   It makes you less stealthy.
 M - an uncursed ring of see invisible
 O - an uncursed ring of flight
 P - a +2 ring of intelligence
Wands
 h - a wand of digging (11)
 j - a wand of paralysis (25)
 t - a wand of disintegration (26)
 v - a wand of scattershot (6)
 w - a wand of flame (39)
 z - a wand of polymorph (11)
 C - a wand of acid (16)
 E - a wand of iceblast (20)
Scrolls
 m - 6 scrolls of teleportation
 q - 4 scrolls of remove curse
 u - 2 scrolls of fear
 y - 2 scrolls of enchant armour
 B - a scroll of identify
 H - a scroll of fog
 N - 2 scrolls of enchant weapon
 S - a scroll of magic mapping {unknown}
Potions
 g - 2 potions of resistance
 i - 2 potions of brilliance
 k - 6 potions of curing
 l - a potion of flight
 x - a potion of mutation
 A - a potion of might
 J - a potion of lignification
 K - a potion of berserk rage {unknown}
 U - a potion of ambrosia {unknown}
Books
 c - a book of Changes

   Spells                             Type                      Level
   a - Beastly Appendage              Transmutation                1
   b - Sticks to Snakes               Transmutation                2
   c - Spider Form                    Transmutation/Poison         3
   d - Ice Form                       Ice/Transmutation            4
   e - Blade Hands                    Transmutation                5
 r - a book of Geomancy

   Spells                             Type                      Level
   a - Sandblast                      Earth                        1
   b - Passwall                       Transmutation/Earth          2
   c - Stone Arrow                    Conjuration/Earth            3
   d - Petrify                        Transmutation/Earth          4
   e - Lee's Rapid Deconstruction     Earth                        5
 s - a book of Cantrips

   Spells                             Type                      Level
   a - Confusing Touch                Hexes                        1
   b - Animate Skeleton               Necromancy                   1
   c - Summon Small Mammal            Summoning                    1
   d - Apportation                    Translocation                1
 G - a book of Maledictions

   Spells                             Type                      Level
   a - Corona                         Hexes                        1
   b - Ensorcelled Hibernation        Hexes/Ice                    2
   c - Confuse                        Hexes                        3
   d - Tukima's Dance                 Hexes                        3
   e - Dazzling Spray                 Conjuration/Hexes            3
 T - a book of Misfortune

   Spells                             Type                      Level
   a - Confusing Touch                Hexes                        1
   b - Confuse                        Hexes                        3
   c - Gell's Gravitas                Translocation                3
   d - Petrify                        Transmutation/Earth          4
   e - Metabolic Englaciation         Hexes/Ice                    5
   f - Yara's Violent Unravelling     Hexes/Transmutation          5
Miscellaneous
 R - a lightning rod (4/4)
Comestibles
 b - 2 chunks of flesh
 d - 18 rations


   Skills:
 + Level 8.1 Fighting
 + Level 10.1 Dodging
 + Level 9.3 Unarmed Combat
 + Level 7.1 Spellcasting
 + Level 10.5 Transmutations
 - Level 5.0 Ice Magic
 + Level 1.8 Earth Magic
 - Level 3.0 Poison Magic


You had 4 spell levels left.
You knew the following spells:

 Your Spells              Type           Power        Failure   Level  Hunger
a - Spider Form           Tmut/Pois      ####......   22%         3    ##.....
b - Sticks to Snakes      Tmut           #####...     10%         2    None
c - Ice Form              Ice/Tmut       ####....     34%         4    ####...
d - Blade Hands           Tmut           #####.....   32%         5    #####..
e - Passwall              Tmut/Erth      ###.......   19%         2    None
f - Petrify               Tmut/Erth      ###.....     45%         4    ####...


Dungeon Overview and Level Annotations

Branches:
Dungeon (12/15)            Temple (1/1) D:4            Lair (0/6) D:11
    Orc (0/2) D:11

Altars:
Ashenzari
Cheibriados
Dithmenos
Elyvilon
Fedhas
Gozag
Hepliaklqana
Kikubaaqudgha
Makhleb
Nemelex Xobeh
Okawaru
Qazlal
Ru
Sif Muna
Trog
Uskayaw
Vehumet
Wu Jian
Xom
Yredelemnul
Zin
The Shining One

Shops:
D:9 ?   D:10 *

Annotations:
D:7 1 runed door, exclusion: oklob plant


Innate Abilities, Weirdness & Mutations

You revert to your normal form in water.
You are very nimble and swift while swimming.
You are very stealthy in the water. (Stealth+)
You are partially covered in yellow scales. (AC +2)
Armour fits poorly on your strangely shaped body.
You passively map a small area around you.
Your system is resistant to poisons. (rPois)


Message History

Your ball python completely misses the red ugly thing.
Your ball python closely misses the red ugly thing.
You slash the red ugly thing!
The red ugly thing is heavily wounded.
The red ugly thing claws you!
You are engulfed in flames!!
Your ball python barely misses the red ugly thing. x2
You slash the red ugly thing!
The red ugly thing is severely wounded.
The red ugly thing claws you.
You are engulfed in flames!
* * * LOW HITPOINT WARNING * * *
Your ball python barely misses the red ugly thing.
Your ball python grabs the red ugly thing.
Your ball python constricts the red ugly thing.
Okay, then.
You hit the red ugly thing.
The red ugly thing is severely wounded.
The red ugly thing claws you.
* * * LOW HITPOINT WARNING * * *
You are engulfed in flames!!
You die...

, #.### #####...<#####.# *
, #.#.. ,..#....'.....# ##
, , #.#.# *#.#....#)...##
.# ,, * #.#.# #.#....#....#
.# ** #.#.# #.##...+...)#
.# #.#.# #.######....# .#
#...#####.##........# .#
##...S....##.#......# .#
+..u@..............#
########
#.......###.#....####
#......# ##+#+#+##
#.#..####.. #.####.# * *, *
#.#.## #.# #.# #.####### #.
,,..#.. ###.#
#.####.......#,#.### #####
#.... #.(..#.......#.#.#..
, , #.#.#
#....#.......#.#.#.########
#.#.#
#....'.......#.#.#........#
#.#.#


You could see a red ugly thing and a friendly ball python.

Vanquished Creatures
  Gastronok (D:11)
  Fannar (D:10)
  A two-headed ogre (D:10)
  Maurice (D:11)
  A centaur skeleton (D:10)
  4 yaktaurs (D:10)
  A troll (D:9)
  Prince Ribbit (D:11)
  2 hornets
  2 hippogriffs (D:12)
  A wyvern (D:12)
  3 yaks (D:9)
  5 orc warriors
  2 sky beasts
  A hornet zombie (D:10)
  2 ice beasts
  2 phantoms
  4 black bears
  5 centaurs
  7 ogres
  A crocodile (D:9)
  A big kobold (D:8)
  4 bullfrogs
  A wyvern zombie (D:12)
  A scorpion (D:3)
  A wyvern skeleton (D:12)
  A water moccasin skeleton (D:7)
  A quasit (D:9)
  10 howler monkeys
  2 bullfrog zombies (D:9)
  A centaur zombie (D:7)
  2 crimson imps
  6 jellies
  7 orc priests
  6 hounds
  9 orc wizards
  A bullfrog skeleton (D:8)
  2 iguanas (D:8)
  5 worker ants
  A hound skeleton (D:4)
  3 gnolls (D:2)
  7 adders
  A shadow imp (D:8)
  6 oozes
  2 adder skeletons (D:8)
  A worm (D:2)
  4 leopard geckos
  36 orcs
  2 ball pythons
  4 bats
  2 giant cockroaches
  6 goblins
  3 hobgoblins
  14 jackals
  4 quokkas
  3 frilled lizards
  A jackal zombie (D:6)
  12 kobolds
  A leopard gecko zombie (D:5)
  7 rats
229 creatures vanquished.

Notes
Turn   | Place    | Note
-------+----------+-------------------------------------------
     0 | D:1      | Oravi the Merfolk Transmuter began the quest for the Orb.
     0 | D:1      | Reached XP level 1. HP: 15/15 MP: 3/3
   121 | D:1      | Reached XP level 2. HP: 12/21 MP: 1/5
  1146 | D:2      | Reached XP level 3. HP: 26/26 MP: 4/6
  1152 | D:2      | Learned a level 2 spell: Sticks to Snakes
  1156 | D:2      | Learned a level 3 spell: Spider Form
  1158 | D:2      | Found a faded altar of an unknown god.
  1368 | D:2      | Reached skill level 1 in Poison Magic
  1368 | D:2      | Reached XP level 4. HP: 29/32 MP: 3/7
  1895 | D:3      | Reached XP level 5. HP: 37/37 MP: 4/8
  2707 | D:4      | Reached skill level 5 in Transmutations
  2707 | D:4      | Reached XP level 6. HP: 41/44 MP: 5/9
  2845 | D:4      | Found a staircase to the Ecumenical Temple.
  2859 | D:4      | Found an ornate altar of the Wu Jian Council.
  2868 | Temple   | Entered the Ecumenical Temple
  3113 | D:4      | Reached skill level 5 in Unarmed Combat
  3530 | D:5      | Entered Level 5 of the Dungeon
  3738 | D:5      | Noticed a sky beast
  3751 | D:5      | Killed a sky beast
  3751 | D:5      | Reached XP level 7. HP: 31/51 MP: 8/11
  4005 | D:5      | Found a hazy altar of Hepliaklqana.
  4527 | D:6      | Reached XP level 8. HP: 49/58 MP: 3/13
  4588 | D:6      | Reached skill level 5 in Dodging
  4703 | D:6      | Found a shadowy altar of Dithmenos.
  4972 | D:6      | Found a sacrificial altar of Ru.
  4975 | D:6      | Found a radiant altar of Vehumet.
  4976 | D:6      | Found an ancient bone altar of Kikubaaqudgha.
  5102 | D:7      | Learned a level 4 spell: Ice Form
  5108 | D:7      | Learned a level 5 spell: Blade Hands
  5183 | D:7      | Found a blossoming altar of Fedhas.
  5183 | D:7      | Noticed an oklob plant
  5371 | D:7      | Found a glowing golden altar of the Shining One.
  5438 | D:7      | Reached XP level 9. HP: 45/67 MP: 11/15
  5677 | D:7      | Found a hide-covered altar of Uskayaw.
  5753 | D:7      | Reached skill level 5 in Fighting
  5811 | D:7      | Found a runed door.
  5996 | D:7      | Found a basalt altar of Yredelemnul.
  6496 | D:8      | Noticed a hornet
  6525 | D:7      | Killed a hornet
  6722 | D:8      | Reached skill level 5 in Spellcasting
  6797 | D:8      | Found an iron altar of Okawaru.
  6820 | D:8      | Became a worshipper of Warmaster Okawaru
  7167 | D:8      | Gained mutation: Armour fits poorly on your strangely shaped body. [potion of mutation]
  7167 | D:8      | Gained mutation: You are partially covered in yellow scales. (AC +2) [potion of mutation]
  7167 | D:8      | Gained mutation: Your system is resistant to poisons. (rPois) [potion of mutation]
  7167 | D:8      | Gained mutation: You passively map a small area around you. [potion of mutation]
  7410 | D:9      | Reached skill level 1 in Ice Magic
  7415 | D:9      | Noticed Prince Ribbit
  8000 | D:9      | Noticed a troll
  8011 | D:9      | Killed a troll
  8011 | D:9      | Reached * piety under Okawaru
  8194 | D:9      | Reached XP level 10. HP: 76/76 MP: 15/18
  8400 | D:9      | Got a steaming pewter ring
  8640 | D:9      | Reached ** piety under Okawaru
  8731 | D:9      | Found Tievviam's Magic Scroll Shop.
  8759 | D:9      | Identified the ring "Zupse" {+Fly Dex+6 Stlth-} (You found it on level 9 of the Dungeon)
  9153 | D:10     | Entered Level 10 of the Dungeon
  9189 | D:10     | Noticed a two-headed ogre
  9216 | D:10     | Killed a two-headed ogre
  9454 | D:10     | Noticed Fannar
  9473 | D:10     | Killed Fannar
  9852 | D:10     | Found Axtucwir's Assorted Antiques.
  9860 | D:10     | Bought a scroll labeled AZXUME YDUCECAE for 31 gold pieces
  9860 | D:10     | Bought a scroll labeled INNI XOVAK for 31 gold pieces
 10065 | D:10     | Reached *** piety under Okawaru
 10065 | D:10     | Reached XP level 11. HP: 62/84 MP: 15/20
 10077 | D:10     | Reached skill level 10 in Transmutations
 10629 | D:10     | Learned a level 2 spell: Passwall
 10634 | D:10     | Learned a level 4 spell: Petrify
 10709 | D:11     | Found a staircase to the Orcish Mines.
 10871 | D:11     | Noticed Maurice
 10885 | D:11     | Killed Maurice
 10980 | D:11     | Killed Prince Ribbit
 10980 | D:11     | Reached skill level 5 in Ice Magic
 11042 | D:11     | Noticed Gastronok
 11088 | D:11     | Killed Gastronok
 11088 | D:11     | Reached **** piety under Okawaru
 11088 | D:11     | Reached skill level 1 in Earth Magic
 11251 | D:11     | Found a staircase to the Lair.
 11763 | D:12     | Reached skill level 10 in Dodging
 12417 | D:12     | Noticed a red ugly thing
 12427 | D:12     | Mangled by a red ugly thing

Skill      XL: |  1  2  3  4  5  6  7  8  9 10 11 |
---------------+----------------------------------+-----
Transmutations | 3 4 5 6 7 8 9 10 | 10.5
Unarmed Combat | 4 5 6 7 8 9 |  9.3
Poison Magic   | 1 2 3 |  3.0
Dodging        | 3 4 6 7 9 10 | 10.1
Fighting       | 2 3 4 6 7 8 |  8.1
Spellcasting   | 3 4 5 6 7 |  7.1
Ice Magic      | 2 4 5 |  5.0
Earth Magic    | 1 |  1.8

Action                   |  1- 3 |  4- 6 |  7- 9 | 10-12 || total
-------------------------+-------+-------+-------+-------++-------
Melee: Unarmed           |    88 |   120 |   357 |   347 ||   912
       Headbutt          |     5 |     1 |       |       ||     6
       Punch             |       |       |     1 |       ||     1
 Cast: Beastly Appendage |    13 |     2 |       |       ||    15
       Spider Form       |     3 |    20 |    43 |    31 ||    97
       Ice Form          |       |       |       |     1 ||     1
       Sticks to Snakes  |       |       |       |    11 ||    11
       Blade Hands       |       |       |       |     1 ||     1
       Passwall          |       |       |       |     1 ||     1
Invok: Heroism           |       |       |       |     1 ||     1
 Abil: End Transformatio |       |       |     1 |       ||     1
  Use: Scroll            |       |     8 |    11 |     5 ||    24
       Potion            |       |       |     2 |     1 ||     3
 Stab: Sleeping          |     2 |       |     3 |       ||     5
  Eat: Chunk             |     2 |     9 |    17 |    15 ||    43
       Ration            |       |       |     1 |       ||     1
Armor: Robe              |     8 |     9 |     2 |     2 ||    21
       Skin              |       |     2 |    10 |     6 ||    18
Dodge: Dodged            |    60 |   111 |   323 |   301 ||   795
